 Dungeon Crawl Stone Soup version 0.25-a0-1136-gc1285e62ab (webtiles) character file.

Game seed: 14168250447111436326, levelgen mode: deterministic

10219 Essalna the Arsonist (level 11, -10/94 HPs)
             Began as a Hill Orc Fire Elementalist on May 23, 2020.
             Was an Elder of Vehumet.
             Killed by the air
             ... invoked by Gastronok
              (32 damage)
             ... on level 10 of the Dungeon.
             The game lasted 00:46:19 (15616 turns).

Essalna the Arsonist (Hill Orc Fire Elementalist)  Turns: 15616, Time: 00:46:20

Health: -10/94     AC:  8    Str: 12    XL:     11   Next: 58%
Magic:  18/20      EV: 13    Int: 18    God:    Vehumet [****..]
Gold:   650        SH:  0    Dex: 11    Spells: 14/22 levels left

rFire    . . .     SeeInvis .   l - +3 whip (elec)
rCold    + . .     Gourm    .   (no shield)
rNeg     . . .     Faith    .   H - +2 leather armour {rPois}
rPois    +         Spirit   .   (no helmet)
rElec    .         Reflect  .   (no cloak)
rCorr    .         Harm     .   F - +0 pair of gloves
MR       .....                  K - +0 pair of boots
Stlth    +.........             O - amulet of regeneration
HPRegen  0.65/turn              k - ring of protection from cold
MPRegen  0.17/turn              B - ring of poison resistance

@: mighty, slowed, very slow
A: no striking features
a: Renounce Religion


You were on level 10 of the Dungeon.
You worshipped Vehumet.
Vehumet was greatly pleased with you.
You were not hungry.

You visited 2 branches of the dungeon, and saw 11 of its levels.

You collected 650 gold pieces.

Inventory:

Hand Weapons
 h - a +0 dagger
 l - a +3 whip of electrocution (weapon)
 u - a +2 hand axe of electrocution
Armour
 a - a +0 robe
 j - a +3 leather armour of positive energy
 D - a +2 robe of fire resistance
 F - a +0 pair of gloves (worn)
 H - a +2 leather armour of poison resistance (worn)
 J - a +2 robe of the Archmagi
 K - a +0 pair of boots (worn)
Magical Staves
 i - an uncursed staff of air
Jewellery
 k - a ring of protection from cold (left hand)
 B - a ring of poison resistance (right hand)
 L - an uncursed ring of ice
 M - a +6 ring of strength
 O - an amulet of regeneration (around neck)
 Q - the ring "Ranats" {rPois rC- rN++ Dex+6 SInv}
   (You found it on level 10 of the Dungeon)

   [ring of dexterity]

   It affects your dexterity (+6).
   It makes you vulnerable to cold.
   It protects you from poison.
   It greatly protects you from negative energy.
   It lets you see invisible.
Wands
 o - a wand of paralysis (7)
 r - a wand of disintegration (18)
 x - a wand of flame (19)
 y - a wand of random effects (39)
 A - a wand of digging (4)
 E - a wand of iceblast (9)
 I - a wand of acid (7)
Scrolls
 d - 3 scrolls of enchant armour
 f - 5 scrolls of identify
 g - 5 scrolls of remove curse
 m - 2 scrolls of fear
 t - 6 scrolls of teleportation
 v - a scroll of amnesia {unknown}
 w - 3 scrolls of enchant weapon {unknown}
 C - a scroll of brand weapon {unknown}
 N - a scroll of fog {unknown}
Potions
 b - 2 potions of stabbing
 e - 2 potions of might
 n - a potion of haste
 p - 2 potions of curing {unknown}
 q - 2 potions of invisibility
 s - 3 potions of degeneration
 z - a potion of magic
 G - 3 potions of flight {unknown}
 R - a potion of mutation {unknown}
Comestibles
 c - 21 rations


   Skills:
 + Level 8.1 Fighting
 + Level 7.7 Armour
 - Level 5.0 Dodging
 - Level 1.5 Stealth
 + Level 6.3 Spellcasting
 + Level 8.1 Conjurations
 + Level 9.4 Fire Magic


You had 14 spell levels left.
You knew the following spells:

 Your Spells              Type           Power        Failure   Level  Hunger
a - Foxfire               Conj/Fire      ####         1%          1    None
b - Inner Flame           Hex/Fire       ###.....     1%          3    ##.....
c - Sticky Flame          Conj/Fire      #####...     1%          4    ####...

Your spell library contained the following spells:

 Spells                   Type           Power        Failure   Level  Hunger
 Hailstorm                Conj/Ice       ###.....     7%          4    ####...
 Conjure Flame            Conj/Fire      #####...     1%          3    ##.....
 Stone Arrow              Conj/Erth      ###...       2%          3    ##.....
 Fireball                 Conj/Fire      #####.....   3%          5    #####..
 Sandblast                Erth           #.....       4%          1    None
 Bolt of Magma            Conj/Fire/Erth ####......   10%         5    #####..
 Animate Skeleton         Necr           N/A          14%         1    None
 Apportation              Tloc           #.....       14%         1    None
 Corona                   Hex            #......      14%         1    None
 Summon Small Mammal      Summ           #...         14%         1    None
 Iskenderun's Battlesphe  Conj/Chrm      ###.....     19%         5    #####..
 Passwall                 Tmut/Erth      #.......     22%         2    None
 Lee's Rapid Deconstruct  Erth           #.........   65%         5    #####..
 Iron Shot                Conj/Erth      ###.......   67%         6    #######
 Orb of Destruction       Conj           #####.....   69%         7    #######
 Petrify                  Tmut/Erth      #.......     80%         4    ####...
 Spellforged Servitor     Conj/Summ      ###.......   99%         7    #######


Dungeon Overview and Level Annotations

Branches:
Dungeon (10/15)            Temple (1/1) D:4             Orc (0/2) D:10
   Lair: D:8-11

Altars:
Ashenzari
Cheibriados
Elyvilon
Fedhas
Gozag
Hepliaklqana
Kikubaaqudgha
Makhleb
Nemelex Xobeh
Okawaru
Qazlal
Ru
Sif Muna
Trog
Uskayaw
Vehumet
Wu Jian
Xom
Yredelemnul
Zin
The Shining One

Shops:
D:5 =   D:8 :

Annotations:
D:10 Gastronok


Message History

A killer bee comes into view.
The foxfire hits the killer bee.
The killer bee is moderately wounded.
Gastronok bites you!!
* * * LOW HITPOINT WARNING * * *
Casting: Foxfire (safe; 1% risk of failure)
Confirm with . or Enter, or press ? or * to list all spells.
You conjure some foxfire!
The killer bee stings you but does no damage.
The killer bee misses you. The killer bee barely misses you.
You hit Gastronok.
Gastronok is almost dead.
The foxfire hits the killer bee.
The killer bee is heavily wounded.
The killer bee stings you but does no damage.
The killer bee stings you.
* * * LOW HITPOINT WARNING * * *
Gastronok waves his eye-stalks in wide circles.
The air twists around and strikes you!!
You die...

#.## #.# #.# #.# #.# #.# #.# #.#
#.# #.# #.# #.. #'## #.# #.###
#.. ...## #.# #...# ### ....##
#.#### ###.# ## .....## ##.##.##
###.######.
......####.....w#######......##b.
......'........y@v............'..
......####...#.y#######....#.##..
....†## ##.##..># #.#.##.###.
...w.# ####.### #...##.# ##
..r#.# #.# #..###.# # #'##.# #.#
#......# ## #. #.# #.#
##.#######. .....# #.# #.# #.8
..##.# #.# #.# #.#


You could see Gastronok (swift) and 2 killer bees.

Vanquished Creatures
  Erica (D:10)
  A two-headed ogre (D:5)
  Pikel (D:6)
  The ghost of Gynju the Digger, a novice GrEE of Ru (D:5)
  3 trolls
  Grinder (D:5)
  2 hippogriffs
  5 yaks
  3 hogs (D:7)
  A human (D:7)
  Eustachio (D:6)
  A hungry ghost (D:10)
  2 water moccasins
  Duvessa (D:5)
  2 slaves (D:6)
  2 black bears
  3 sky beasts
  2 orc warriors (D:8)
  An eye of draining (D:8)
  2 phantoms
  9 ogres
  4 centaurs
  2 big kobolds (D:5)
  Blork the orc (D:6)
  4 bullfrogs
  A wyvern zombie (D:8)
  Dowan (D:5)
  4 scorpions
  9 killer bees
  9 wights (D:7)
  3 howler monkeys
  2 crimson imps
  2 centaur zombies
  A bullfrog zombie (D:6)
  A centaur skeleton (D:8)
  7 hounds
  5 jellies
  6 orc priests
  6 orc wizards
  Ijyb (D:5)
  9 worker ants
  A hound zombie (D:5)
  A hound skeleton (D:4)
  A howler monkey zombie (D:5)
  A worker ant zombie (D:9)
  13 adders
  2 shadow imps
  5 oozes
  An adder skeleton (D:6)
  5 worms
  2 dart slugs (D:2)
  6 leopard geckos
  21 orcs
  8 giant cockroaches
  A goblin (D:1)
  7 hobgoblins
  5 iguanas
  2 jackals (D:5)
  4 quokkas
  A ball python zombie (D:3)
  9 bats
  8 frilled lizards
  2 giant cockroach zombies (D:5)
  A jackal zombie (D:5)
  15 kobolds
  A leopard gecko zombie (D:6)
  A quokka skeleton (D:7)
  11 rats
258 creatures vanquished.

Vanquished Creatures (others)
  A slave (D:6)
  A centaur (D:6)
  A bullfrog (D:6)
  A quokka (D:6)
  1050 foxfires
  A fungus (D:5)
  2 plants
1057 creatures vanquished.

Grand Total: 1315 creatures vanquished

Notes
Turn   | Place    | Note
-------+----------+-------------------------------------------
     0 | D:1      | Essalna the Hill Orc Fire Elementalist began the quest for
                  | the Orb.
     0 | D:1      | Reached XP level 1. HP: 14/14 MP: 3/3
   207 | D:1      | Reached XP level 2. HP: 6/20 MP: 0/4
   964 | D:1      | Reached XP level 3. HP: 20/26 MP: 1/6
  1715 | D:2      | Reached skill level 4 in Fire Magic
  1732 | D:2      | Reached XP level 4. HP: 33/33 MP: 0/7
  2011 | D:2      | Found a shimmering altar of Xom.
  2097 | D:2      | Reached XP level 5. HP: 38/38 MP: 2/8
  2668 | D:2      | Found an opulent altar of Gozag.
  2675 | D:2      | Found a blossoming altar of Fedhas.
  3695 | D:3      | Found a glowing golden altar of the Shining One.
  4167 | D:4      | Reached XP level 6. HP: 45/45 MP: 1/10
  4273 | D:4      | Reached skill level 5 in Fire Magic
  4358 | D:4      | Learned a level 3 spell: Inner Flame
  4363 | D:4      | Learned a level 4 spell: Sticky Flame
  4698 | D:4      | Found a shimmering altar of Xom.
  4699 | D:4      | Noticed an angel
  4765 | D:4      | Found a staircase to the Ecumenical Temple.
  4834 | Temple   | Entered the Ecumenical Temple
  4937 | Temple   | Became a worshipper of Vehumet
  4983 | D:4      | Noticed a phantom
  4989 | D:4      | Killed a phantom
  4989 | D:4      | Reached XP level 7. HP: 50/50 MP: 4/12
  5204 | D:4      | Found a glowing silver altar of Zin.
  5360 | D:4      | Reached skill level 1 in Fighting
  5587 | D:5      | Entered Level 5 of the Dungeon
  5592 | D:5      | Reached skill level 1 in Armour
  5774 | D:5      | Noticed Grinder
  5775 | D:5      | Paralysed by Grinder for 3 turns
  5783 | D:5      | Killed Grinder
  5783 | D:5      | Reached skill level 6 in Fire Magic
  5783 | D:5      | Reached XP level 8. HP: 37/61 MP: 3/13
  5924 | D:5      | Found Futulaf's Jewellery Shop.
  5941 | D:5      | Noticed Duvessa
  5943 | D:5      | Noticed Dowan
  6237 | D:5      | Found a runed translucent gate.
  6503 | D:5      | Noticed Gynju's ghost (novice GrEE)
  6505 | D:5      | Found a runed translucent gate.
  6506 | D:5      | Found a runed translucent gate.
  6626 | D:5      | Noticed a two-headed ogre
  6635 | D:5      | Noticed Ijyb
  6638 | D:5      | Killed Ijyb
  6640 | D:5      | Reached skill level 5 in Conjurations
  6879 | D:5      | Killed Duvessa
  6886 | D:5      | Killed Dowan
  7236 | D:5      | Killed a two-headed ogre
  7236 | D:5      | Reached * piety under Vehumet
  7236 | D:5      | Offered knowledge of Sandblast by Vehumet.
  7236 | D:5      | Reached skill level 7 in Fire Magic
  7236 | D:5      | Reached XP level 9. HP: 16/71 MP: 7/15
  7907 | D:5      | Killed Gynju's ghost
  8758 | D:6      | Noticed Pikel
  8763 | D:6      | Killed Pikel
  8763 | D:6      | Reached skill level 5 in Fighting
  8763 | D:6      | Reached skill level 5 in Armour
  8763 | D:6      | Reached skill level 5 in Spellcasting
  8781 | D:6      | Reached XP level 10. HP: 46/81 MP: 12/17
  8801 | D:6      | Noticed Blork the orc
  9457 | D:6      | Noticed Eustachio
  9476 | D:6      | Killed Eustachio
  9631 | D:6      | Killed Blork the orc
  9796 | D:6      | Reached skill level 8 in Fire Magic
 10025 | D:6      | Reached ** piety under Vehumet
 10232 | D:7      | Offered knowledge of Magic Dart by Vehumet.
 10754 | D:7      | Found an iron altar of Okawaru.
 11413 | D:7      | Offered knowledge of Stone Arrow by Vehumet.
 11649 | D:7      | Reached skill level 5 in Dodging
 12217 | D:8      | Reached *** piety under Vehumet
 12493 | D:9      | Reached XP level 11. HP: 92/92 MP: 12/19
 12770 | D:9      | Found an ancient bone altar of Kikubaaqudgha.
 13880 | D:8      | Reached skill level 9 in Fire Magic
 14050 | D:8      | Offered knowledge of Mephitic Cloud by Vehumet.
 14493 | D:8      | Found Goatomn's Book Emporium.
 14799 | D:10     | Entered Level 10 of the Dungeon
 14988 | D:10     | Got a warped brass ring
 14990 | D:10     | Identified the ring "Ranats" {rPois rC- rN++ Dex+6 SInv}
                  | (You found it on level 10 of the Dungeon)
 15047 | D:10     | Reached **** piety under Vehumet
 15184 | D:10     | Found a staircase to the Orcish Mines.
 15192 | D:10     | Noticed Erica
 15232 | D:10     | Killed Erica
 15364 | D:10     | Noticed Gastronok
 15373 | D:10     | Offered knowledge of Hailstorm by Vehumet.
 15616 | D:10     | Killed from afar by Gastronok

Illustrated notes

Levels and vault maps discovered:
D:1:      nzn_arrival_water_spiral, layout_loops_ring, minmay_misc_feat_rows,
          minmay_quantized
D:2:      layout_rooms, amethyst_overflow_temple_binary, dk_xom_monty_hall
D:3:      layout_loops_ring, lemuel_round_altar, chequers_big_river
D:4:      layout_gridville, grunt_temple_overflow_order_and_chaos_1,
          minmay_temple_entry_ruins, chequers_serial_rivers_large_a,
          minivault_26
D:5:      minmay_clustersquares, layout_cave_pools, first_ration, serial_shops,
          nicolae_shop_crystal, gammafunk_ghost_nasty_kobolds, uniq_duvessa,
          uniq_grinder, uniq_ijyb
D:6:      hangedman_cross_stitches, layout_loops_corners, uniq_eustachio,
          uniq_pikel, uniq_blork_the_orc
D:7:      layout_basic, okawaru_ov_weapons_minmay, hangedman_decor_opposing,
          grunt_livestock
D:8:      layout_rooms, serial_shops, kennysheep_mini_moat,
          kennysheep_generic_room_3
D:9:      layout_basic, kiku_gazebo_garden_becter
D:10:     layout_loops_corners, orc_0_dummy, grunt_ministairs_11,
          uniq_gastronok, uniq_maurice, uniq_erica
Temple:   regret_index_temple_waves

Skill      XL: |  1  2  3  4  5  6  7  8  9 10 11 |
---------------+----------------------------------+-----
Spellcasting   | 2 3 4 5 6 |  6.3
Conjurations   | 2 3 4 5 6 7 8 |  8.1
Fire Magic     | 4 5 6 7 8 9 |  9.4
Fighting       | 2 4 5 7 8 |  8.1
Armour         | 2 4 5 6 7 |  7.7
Dodging        | 2 3 4 5 |  5.0
Stealth        | |  1.5

Action                   |  1- 3 |  4- 6 |  7- 9 | 10-12 || total
-------------------------+-------+-------+-------+-------++-------
Melee: Unarmed           |    17 |       |       |       ||    17
       Dagger            |     9 |     9 |       |       ||    18
       Hand axe          |       |    12 |    48 |       ||    60
       Whip              |       |       |    29 |   151 ||   180
 Cast: Foxfire           |    73 |   160 |   184 |   318 ||   735
       Sticky Flame      |       |       |     2 |    35 ||    37
       Inner Flame       |       |       |     2 |    14 ||    16
  Use: Scroll            |       |       |    16 |     1 ||    17
       Potion            |       |       |     3 |     1 ||     4
 Stab: Sleeping          |       |       |       |     2 ||     2
  Eat: Chunk             |     4 |    11 |     9 |    22 ||    46
       Ration            |       |       |     1 |     2 ||     3
Armor: Robe              |     5 |       |       |       ||     5
       Leather armour    |     1 |    11 |    28 |    75 ||   115
Dodge: Dodged            |    24 |    32 |    60 |   194 ||   310

Table legend:
 A = Non-vault XP
 B = Vault XP
 C = Vault XP percentage of total XP
 D = Non-vault monster count
 E = Vault monster count
 F = Vault count percentage of total count
                 A         B        C        D         E       F
            +---------+---------+-------+---------+---------+-------
      Total |    7783 |    6816 |  46.7 |     203 |      53 |  20.7
            +---------+---------+-------+---------+---------+-------
        D:1 |      36 |       9 |  20.0 |      19 |       3 |  13.6
        D:2 |      88 |      85 |  49.1 |      23 |       3 |  11.5
        D:3 |      73 |       0 |   0.0 |      23 |       0 |   0.0
        D:4 |     681 |       0 |   0.0 |      22 |       0 |   0.0
        D:5 |     309 |    2270 |  88.0 |      15 |      23 |  60.5
        D:6 |    1091 |    1683 |  60.7 |      21 |      12 |  36.4
        D:7 |    1439 |     992 |  40.8 |      28 |       5 |  15.2
        D:8 |    1806 |      13 |   0.7 |      32 |       1 |   3.0
        D:9 |    1612 |       0 |   0.0 |      14 |       0 |   0.0
       D:10 |     648 |    1764 |  73.1 |       6 |       6 |  50.0
            +---------+---------+-------+---------+---------+-------
